 Dungeon Crawl Stone Soup version 0.23.2-30-g0e89c35649 (webtiles) character file.

Game seed: 2974673318394938315

6698 troglodite the Magician (level 10, -18/79 (81) HPs)
             Began as a Purple Draconian Fire Elementalist on June 20, 2019.
             Was a Follower of Qazlal.
             Splashed by a crimson imp's acid (19 damage)
             ... on level 10 of the Dungeon.
             The game lasted 00:47:42 (13824 turns).

troglodite the Magician (DrFE)                     Turns: 13824, Time: 00:47:43

HP:   -18/79 (81)   AC:  5    Str: 11    XL:     10   Next: 74%
MP:   0/21          EV: 15    Int: 18    God:    Qazlal [*.....]
Gold: 675           SH:  2    Dex: 12    Spells: 8/24 levels left

rFire    . . .     SeeInvis .   z - +6 dagger of Rotation {pierce, rElec}
rCold    . . .     Gourm    .   (no shield)
rNeg     . . .     Faith    .   (armour unavailable)
rPois    .         Spirit   +   (helmet restricted)
rElec    +         Reflect  .   (no cloak)
rCorr    .         Harm     .   J - +1 pair of gloves (curse)
MR       +....                  (no boots)
Stlth    ++........             B - amulet of guardian spirit
HPRegen  0.23/turn              k - +2 ring of evasion
MPRegen  0.17/turn              G - ring of wizardry

@: corroded, very slightly contaminated, studying Slings
A: breathe power, unfitting armour, cold-blooded, AC +7
a: Breathe Dispelling Energy, Renounce Religion


You were on level 10 of the Dungeon.
You worshipped Qazlal.
Qazlal was aware of your devotion.
You were hungry.

You visited 2 branches of the dungeon, and saw 11 of its levels.
You also visited: Sewer.

You collected 691 gold pieces.
You spent 16 gold pieces at shops.

Inventory:

Hand Weapons
 e - a +0 club
 f - a +2 dagger of venom
 g - a +2 short sword of protection
 z - the +6 dagger of Rotation (weapon) {pierce, rElec}
   (You took it off an orc on level 7 of the Dungeon)

   It inflicts extra damage upon your enemies.
   It insulates you from electricity.
 E - a +0 hunting sling
Missiles
 H - 36 stones (quivered)
Armour
 J - a cursed +1 pair of gloves (worn)
 K - a +0 shield
Magical Staves
 i - an uncursed staff of summoning
Jewellery
 k - a +2 ring of evasion (left hand)
 s - an uncursed ring of flight
 A - an uncursed amulet of regeneration {unknown}
 B - an amulet of guardian spirit (around neck)
 C - an uncursed ring of poison resistance
 G - a ring of wizardry (right hand)
Wands
 p - a wand of random effects (38)
 v - a wand of flame (18)
Scrolls
 a - 2 scrolls of noise {unknown}
 d - 3 scrolls of remove curse
 m - a scroll of immolation {unknown}
 r - a scroll of enchant weapon {unknown}
 t - 3 scrolls of amnesia {unknown}
 u - 3 scrolls of identify
 w - a scroll of magic mapping {unknown}
 x - a scroll of blinking {unknown}
 y - a scroll of acquirement {unknown}
 I - a scroll of brand weapon {unknown}
Potions
 c - 2 potions of brilliance
 h - 3 potions of ambrosia {unknown}
 j - a potion of resistance {unknown}
 l - 5 potions of curing
 o - 3 potions of berserk rage
 q - 2 potions of might
Books
 D - a manual of Slings
Comestibles
 b - 17 rations
 F - 3 chunks of flesh


   Skills:
 * Level 5.5 Fighting
 + Level 3.9 Short Blades
 * Level 2.4 Slings
 + Level 3.4 Dodging
 - Level 2.3 Stealth
 + Level 0.2 Unarmed Combat
 * Level 7.9 Spellcasting
 * Level 6.5 Conjurations
 * Level 4.5 Hexes
 * Level 3.6 Charms
 * Level 7.5 Fire Magic
 * Level 3.9 Air Magic
 * Level 1.7 Invocations
 * Level 4.4 Evocations


You had 8 spell levels left.
You knew the following spells:

 Your Spells              Type           Power        Failure   Level  Hunger
a - Flame Tongue          Conj/Fire      ####.        1%          1    None
b - Throw Flame           Conj/Fire      ####..       1%          2    None
c - Conjure Flame         Conj/Fire      ####....     1%          3    #......
d - Inner Flame           Hex/Fire       ####....     1%          3    #......
e - Fireball              Conj/Fire      ####......   6%          5    #####..
f - Swiftness             Chrm/Air       ###.....     1%          2    None

Your spell library contained the following spells:

 Spells                   Type           Power        Failure   Level  Hunger
 Magic Dart               Conj           ####         1%          1    None
 Shock                    Conj/Air       ####         1%          1    None
 Searing Ray              Conj           ####..       1%          2    None
 Dazzling Spray           Conj/Hex       ####..       1%          3    #......
 Static Discharge         Conj/Air       ####....     1%          3    #......
 Iskenderun's Mystic Bla  Conj           ####....     2%          4    ###....
 Sticky Flame             Conj/Fire      ####....     2%          4    ###....
 Fulminant Prism          Conj/Hex       ####......   4%          4    ###....
 Airstrike                Air            ###.......   8%          4    ###....
 Force Lance              Conj/Tloc      ###.....     11%         4    ###....
 Recall                   Summ/Tloc      N/A          12%         3    #......
 Lightning Bolt           Conj/Air       ####......   13%         5    #####..
 Animate Dead             Necr           N/A          36%         4    ###....
 Borgnjor's Vile Clutch   Necr/Erth      #.........   69%         5    #####..
 Death Channel            Necr           #.........   99%         6    ######.
 Simulacrum               Ice/Necr       #.........   99%         6    ######.


Dungeon Overview and Level Annotations

Branches:
Dungeon (10/15)            Temple (1/1) D:7             Orc (0/2) D:9
   Lair: D:8-11

Altars:
Ashenzari
Cheibriados
Dithmenos
Elyvilon
Fedhas
Gozag
Hepliaklqana
Kikubaaqudgha
Makhleb
Nemelex Xobeh
Okawaru
Qazlal
Ru
Sif Muna
Trog
Uskayaw
Vehumet
Wu Jian
Xom
Yredelemnul
Zin
The Shining One
Beogh
Lugonu

Shops:
D:4 }   D:5 (   D:6 ??   D:8 !%

Annotations:
D:3 Sigmund
D:6 exclusion: oklob plant


Innate Abilities, Weirdness & Mutations

You can breathe bolts of dispelling energy.
Your rich purple scales are hard. (AC +7)
You cannot fit into any form of body armour.
You are cold-blooded and may be slowed by cold attacks.


Message History

An orc comes into view. It is wielding a +0 short sword.
An orc comes into view. It is wielding a +0 falchion.
A gargoyle comes into view. It is wielding a +0 flail.
An orc warrior comes into view. It is wielding a +0 halberd.
An orc comes into view.
The orc shouts!
The gargoyle hurls a stone arrow at you.
The stone arrow misses you.
The gargoyle hurls a stone arrow at you.
The stone arrow hits you!!
* * * LOW HITPOINT WARNING * * *
As you read the scroll of teleportation, it crumbles to dust.
You feel strangely unstable.
Your surroundings suddenly seem different.
A crimson imp comes into view. It is carrying a wand of acid (9).
The crimson imp shouts!
The crimson imp zaps a wand.
The bolt of acid hits you!
* * * LOW HITPOINT WARNING * * *
The acid corrodes you!
You are splashed with acid!!
You die...

#..........# #................
#######....# #...........n....
#....#####................
####...................####Y.
#.........########.....# ..
#.........#......#.....# # .
#.........#......#'#####..#
#.........#...............'
#.........#.@.☼°..........#
#####.....#...............#
#.....5...............#
########.....#..............>#
#............#...............#
#............#####.######'####
#................###..........
###..................÷........
#...........########........


You could see a crimson imp.

Vanquished Creatures
  A two-headed ogre (D:6)
  Pikel (D:4)
  Grinder (D:6)
  8 yaks
  2 wyverns
  Menkaure (D:7)
  Duvessa (D:6)
  3 water moccasins
  2 ice beasts
  A slave (D:4)
  Purgy (Sewer)
  An orc warrior (D:8)
  A black bear (D:10)
  2 phantoms (D:10)
  2 ogres
  2 necrophages
  A crocodile (D:8)
  A big kobold (D:9)
  3 bullfrogs
  Dowan (D:6)
  5 scorpions
  4 wights
  A centaur zombie (D:5)
  4 howler monkeys
  3 crimson imps
  6 jellies
  A quasit (D:8)
  A bullfrog zombie (D:5)
  6 orc priests
  A bullfrog skeleton (D:4)
  3 hounds
  11 orc wizards
  5 iguanas
  9 worker ants
  A killer bee zombie (D:8)
  7 adders
  2 shadow imps
  An ooze (D:3)
  An adder zombie (D:6)
  2 worms (D:5)
  A dart slug (D:3)
  A leopard gecko (D:3)
  45 orcs
  A ball python (D:2)
  A giant cockroach (D:8)
  4 goblins
  6 hobgoblins
  2 jackals (D:7)
  2 quokkas
  9 bats
  9 frilled lizards
  7 kobolds
  A leopard gecko zombie (D:6)
  4 rats
  A plant (D:6)
204 creatures vanquished.

Vanquished Creatures (others)
  A slave (D:4)
  An orc wizard (D:5)
  An adder (D:4)
  19 toadstools (D:6)
22 creatures vanquished.

Grand Total: 226 creatures vanquished

Notes
Turn   | Place    | Note
-------+----------+-------------------------------------------
     0 | D:1      | troglodite the Draconian Fire Elementalist began the quest
                  | for the Orb.
     0 | D:1      | Reached XP level 1. HP: 14/14 MP: 3/3
   558 | D:1      | Reached XP level 2. HP: 22/22 MP: 0/5
   582 | D:1      | Learned a level 2 spell: Throw Flame
  1174 | D:2      | Found a hide-covered altar of Uskayaw.
  1211 | D:2      | Reached skill level 1 in Fighting
  1211 | D:2      | Reached XP level 3. HP: 17/28 MP: 1/6
  1471 | D:2      | Found a glowing silver altar of Zin.
  2001 | D:3      | Found a burning altar of Makhleb.
  2007 | D:3      | Reached XP level 4. HP: 36/36 MP: 0/7
  2306 | D:3      | Noticed Sigmund
  2846 | D:4      | Noticed a slave
  2847 | D:4      | Noticed a slave
  2847 | D:4      | Noticed a slave
  2848 | D:4      | Noticed a slave
  2848 | D:4      | Noticed Pikel
  2902 | D:4      | Killed a slave
  2915 | D:4      | Killed Pikel
  2915 | D:4      | Reached skill level 1 in Short Blades
  2915 | D:4      | Reached XP level 5. HP: 32/44 MP: 3/10
  2915 | D:4      | Reached XP level 6. HP: 36/50 MP: 3/11
  2915 | D:4      | Your scales start taking on a rich purple colour.
  2915 | D:4      | Reached XP level 7. HP: 40/56 MP: 3/13
  3074 | D:4      | Reached skill level 5 in Spellcasting
  3081 | D:4      | Learned a level 3 spell: Conjure Flame
  3085 | D:4      | Learned a level 3 spell: Inner Flame
  3091 | D:4      | Learned a level 5 spell: Fireball
  3193 | D:4      | Found Hybany's Gadget Shop.
  3213 | D:4      | Learned a level 2 spell: Swiftness
  4077 | D:5      | Entered Level 5 of the Dungeon
  4088 | D:5      | Found an iron altar of Okawaru.
  4163 | D:5      | Reached skill level 5 in Fire Magic
  4377 | D:5      | Reached skill level 1 in Evocations
  4385 | D:5      | Found Jegemmol's Weapon Shop.
  4481 | D:5      | Reached XP level 8. HP: 48/63 MP: 16/16
  4544 | D:5      | Reached skill level 1 in Hexes
  4557 | D:5      | Found a glowing drain.
  4579 | Sewer    | Entered a sewer
  4696 | Sewer    | Noticed Purgy
  4710 | Sewer    | Killed Purgy
  4710 | Sewer    | Reached skill level 1 in Charms
  4996 | D:5      | Reached skill level 1 in Air Magic
  5087 | D:5      | Found a sacrificial altar of Ru.
  5087 | D:5      | Found a shattered altar of Ashenzari.
  5302 | D:6      | Found Etipn's Magic Scroll Boutique.
  5415 | D:6      | Found a blossoming altar of Fedhas.
  5713 | D:6      | Found a white marble altar of Elyvilon.
  5909 | D:6      | Noticed Duvessa
  5921 | D:6      | Noticed Dowan
  5936 | D:6      | Killed Duvessa
  5956 | D:6      | Killed Dowan
  6149 | D:6      | Found a blossoming altar of Fedhas.
  6170 | D:6      | Noticed an oklob plant
  6748 | D:6      | Found Zoruwkinn's Magic Scroll Emporium.
  6817 | D:6      | Noticed Grinder
  6849 | D:6      | Killed Grinder
  6894 | D:6      | Found Cilieth's Magic Scroll Emporium.
  6992 | D:6      | Found a basalt altar of Yredelemnul.
  7160 | D:7      | Reached XP level 9. HP: 70/70 MP: 2/18
  7260 | D:7      | Noticed a two-headed ogre
  7346 | D:6      | Killed a two-headed ogre
  7346 | D:6      | Reached skill level 5 in Conjurations
  7864 | D:7      | Reached skill level 5 in Fighting
  8291 | D:7      | Found a shadowy altar of Dithmenos.
  8620 | D:7      | Noticed Menkaure
  8691 | D:7      | Identified the +6 dagger of Rotation {pierce, rElec}
  8727 | D:7      | Found a staircase to the Ecumenical Temple.
  8744 | Temple   | Entered the Ecumenical Temple
  8806 | Temple   | Became a worshipper of Qazlal Stormbringer
  8909 | D:7      | Killed Menkaure
  9330 | D:7      | Found a glowing golden altar of the Shining One.
  9330 | D:7      | Found a shimmering altar of Xom.
  9332 | D:7      | Found a hazy altar of Hepliaklqana.
  9694 | D:8      | Found Gyliutoh's Distillery.
  9874 | D:8      | Reached XP level 10. HP: 80/80 MP: 9/20
 10149 | D:8      | Found Koateliori's Food Boutique.
 10441 | D:8      | Found a sparkling altar of Nemelex Xobeh.
 10805 | D:8      | Found a bloodstained altar of Trog.
 10812 | D:8      | Found an opulent altar of Gozag.
 11271 | D:9      | Found a staircase to the Orcish Mines.
 11429 | D:5      | Bought a +0 hunting sling for 16 gold pieces
 11548 | D:9      | Found a roughly hewn altar of Beogh.
 11909 | D:8      | Reached * piety under Qazlal
 12378 | D:9      | Reached skill level 1 in Slings
 12567 | D:9      | Reached skill level 1 in Invocations
 13283 | D:10     | Entered Level 10 of the Dungeon
 13804 | D:10     | Noticed a gargoyle
 13824 | D:10     | HP: 1/79 [crimson imp/wand of acid (9) (11)]
 13824 | D:10     | Splashed by a crimson imp's acid

Skill      XL: |  1  2  3  4  5  6  7  8  9 10 |
---------------+-------------------------------+-----
Fighting       | 1 2 3 4 5 |  5.5
Short Blades   | 1 2 3 |  3.9
Dodging        | 2 3 |  3.4
Stealth        | 2 |  2.3
Spellcasting   | 3 4 5 6 7 |  7.9
Conjurations   | 3 4 5 6 |  6.5
Fire Magic     | 4 5 6 7 |  7.5
Evocations     | 1 2 3 4 |  4.4
Hexes          | 2 3 4 |  4.5
Charms         | 2 3 |  3.6
Air Magic      | 2 3 |  3.9
Slings         | 2 |  2.4
Invocations    | 1 |  1.7
Unarmed Combat | |  0.2

Action                   |  1- 3 |  4- 6 |  7- 9 | 10-12 || total
-------------------------+-------+-------+-------+-------++-------
Melee: Dagger            |    23 |    29 |    23 |   199 ||   274
       Unarmed           |     8 |       |       |       ||     8
       Tailslap          |     3 |     4 |    49 |    28 ||    84
       Short sword       |       |       |   317 |       ||   317
       Punch             |       |       |     1 |       ||     1
 Cast: Flame Tongue      |    15 |       |     2 |       ||    17
       Throw Flame       |    19 |    23 |   249 |   105 ||   396
       Fireball          |       |       |       |     7 ||     7
  Use: Potion            |       |     2 |       |       ||     2
       Scroll            |       |       |     9 |     5 ||    14
  Eat: Chunk             |     5 |     3 |    17 |    11 ||    36
       Ration            |       |       |     2 |     1 ||     3
Armor: Skin              |    12 |     6 |   105 |    48 ||   171
Dodge: Dodged            |    24 |    24 |   211 |   149 ||   408
Block: Other             |       |       |       |     7 ||     7
